 Dungeon Crawl Stone Soup version 0.22-b1-26-g9dbaab1 (webtiles) character file.

19307 Doobh the Covert (level 13, -5/86 HPs)
             Began as a Kobold Assassin on Aug 8, 2018.
             Was an Elder of Dithmenos.
             Hit by a large rock thrown by a cyclops (47 damage)
             ... on level 14 of the Dungeon.
             The game lasted 01:50:11 (19468 turns).

Doobh the Covert (Kobold Assassin)                 Turns: 19468, Time: 01:50:11

Health: -5/86      AC:  7    Str:  9    XL:     13   Next: 3%
Magic:  17/17      EV: 27    Int: 17    God:    Dithmenos [****..]
Gold:   202        SH:  0    Dex: 22    Spells: 14/18 levels left

rFire    x . .     SeeInvis +   C - +8 rapier "Zuilugh" {freeze, +Fly Int+4 Stlth+}
rCold    + . .     Gourm    .   (shield restricted)
rNeg     . . .     Faith    .   c - +0 robe
rPois    +         Spirit   .   n - +2 helmet {SInv}
rElec    .         Reflect  .   A - +1 cloak {rPois}
rCorr    .         Harm     .   (no gloves)
MR       .....                  (no boots)
Stlth    +++++++++.             D - amulet of regeneration
HPRegen  0.64/turn              I - +2 ring of dexterity
MPRegen  0.15/turn              i - ring of ice

@: wreathed by umbra
A: small, carnivore
a: Shadow Step, Renounce Religion, Evoke Flight


You were on level 14 of the Dungeon.
You worshipped Dithmenos.
Dithmenos was greatly pleased with you.
You were completely stuffed.

You visited 2 branches of the dungeon, and saw 15 of its levels.
You also visited: Sewer.

You collected 921 gold pieces.
You spent 719 gold pieces at shops.

Inventory:

Hand Weapons
 a - a +1 short sword of holy wrath
 b - a +0 blowgun
 r - a +5 dagger
 x - a +0 demon blade
 C - the +8 rapier "Zuilugh" (weapon) {freeze, +Fly Int+4 Stlth+}
   (You bought it in a shop on level 12 of the Dungeon)

   It has been specially enchanted to freeze those struck by it, causing extra
   injury to most foes and up to half again as much damage against particularly
   susceptible opponents.
   It can also slow down cold-blooded creatures.
   It affects your intelligence (+4).
   It lets you fly.
   It makes you more stealthy.
Missiles
 e - 40 poisoned needles
 f - a curare-tipped needle
 E - 4 needles of sleeping
 F - 2 needles of paralysis
 K - 6 needles of confusion
Armour
 c - a +0 robe (worn)
 n - a +2 helmet of see invisible (worn)
 A - a +1 cloak of poison resistance (worn)
Jewellery
 i - a ring of ice (right hand)
 v - a +2 ring of strength
 D - an amulet of regeneration (around neck)
 I - a +2 ring of dexterity (left hand)
Wands
 u - a wand of random effects (43)
 w - a wand of iceblast (12)
 G - a wand of paralysis (42)
 J - a wand of flame (29)
Scrolls
 p - a scroll of teleportation
 q - 3 scrolls of remove curse
 s - a scroll of magic mapping
 t - a scroll of fear
 y - a scroll of fog
 z - 2 scrolls of amnesia
 L - a scroll of noise {unknown}
Potions
 d - a potion of heal wounds
 h - a potion of curing
 j - a potion of resistance {unknown}
 k - a potion of cancellation
 l - a potion of mutation
 m - 3 potions of brilliance
 o - 2 potions of might
 B - a potion of ambrosia {unknown}
 M - a potion of invisibility {unknown}
 N - a potion of flight
Miscellaneous
 H - a phantom mirror
 O - a lamp of fire
Comestibles
 g - 16 rations


   Skills:
 - Level 12.0 Fighting
 + Level 10.7 Short Blades
 + Level 9.1 Throwing
 - Level 12.0 Dodging
 + Level 12.4 Stealth
 + Level 3.1 Spellcasting


You had 14 spell levels left.
You knew the following spells:

 Your Spells              Type           Power        Failure   Level  Hunger
a - Confusing Touch       Hex            #.....       17%         1    None
b - Confuse               Hex            #.......     45%         3    ###....

Your spell library contained the following spells:

 Spells                   Type           Power        Failure   Level  Hunger
 Metabolic Englaciation   Hex/Ice        #.........   99%         5    ######.
 Petrify                  Tmut/Erth      #.......     86%         4    ####...
 Gell's Gravitas          Tloc           #.........   45%         3    ###....
 Yara's Violent Unravell  Hex/Tmut       #.........   99%         5    ######.


Dungeon Overview and Level Annotations

Branches:
Dungeon (14/15)            Temple (1/1) D:7            Lair (0/6) D:11
    Orc (0/2) D:9          Vaults (0/5) D:14

Altars:
Ashenzari
Cheibriados
Dithmenos
Elyvilon
Fedhas
Gozag
Hepliaklqana
Kikubaaqudgha
Makhleb
Nemelex Xobeh
Okawaru
Qazlal
Ru
Sif Muna
Trog
Uskayaw
Vehumet
Wu Jian
Xom
Yredelemnul
Zin
The Shining One
Beogh

Shops:
D:6 [   D:10 :   D:12 ::((

Portals:
Labyrinth: D:14

Annotations:
D:14 Azrael


Innate Abilities, Weirdness & Mutations

You are small and have problems with some larger weapons.
You are carnivorous and can eat meat at any time.


Message History

The tengu warrior closely misses you. The two-headed ogre misses you.
The two-headed ogre completely misses you.
The troll completely misses you. The troll closely misses you.
The troll claws you. The troll misses you. The troll claws you!
The troll misses you. The shadow completely misses you.
A necromancer comes into view. It is wielding a dagger of venom.
The necromancer shouts!
The wizard completely misses you. The troll completely misses you. x2
The troll closely misses you.
There is an open door here.
The necromancer mumbles some strange words.
The necromancer binds the souls of nearby monsters.
Your surroundings suddenly seem different.
Found a labyrinth entrance.
A cyclops comes into view.
There is a labyrinth entrance here.
Beware, the minotaur awaits!
The cyclops shouts!
The cyclops throws a large rock.
The large rock hits you!!!
Ouch! That really hurt!
You die...

###.........(......
#.....#**#.........
#.....# #.........
#.....#######.#####
#..................
#.................#
#..................
#..................
#.@...........#...c
##............#####
#..........c.......
#..................
#..C...............
##.................
#.................
**#.................
*,,,,,,.......#.....


You could see a cyclops.

Vanquished Creatures
  A two-headed ogre (D:9)
  An unseen horror (D:10)
  Pikel (D:9)
  4 ugly things
  A manticore (D:14)
  A cyclops (D:12)
  An elephant (D:11)
  A centaur zombie (D:13)
  Maurice (D:9)
  A gargoyle (D:11)
  2 komodo dragons
  A kobold demonologist (D:12)
  5 trolls
  Prince Ribbit (D:6)
  2 dream sheep (D:8)
  A hippogriff (D:11)
  A meliai zombie (D:13)
  A shadow (D:13)
  11 yaks
  3 wyverns
  4 hungry ghosts
  A steam dragon (D:8)
  Edmund (D:4)
  2 soldier ants
  Menkaure (D:4)
  7 orc warriors
  2 water moccasins
  3 black bears
  4 ice beasts
  2 sky beasts
  5 centaurs
  7 ogres
  3 phantoms
  A necrophage (D:8)
  2 crocodiles (D:11)
  8 big kobolds
  8 bullfrogs
  A gnoll sergeant (D:4)
  3 wyvern skeletons
  A scorpion (D:8)
  30 killer bees
  2 wights (D:8)
  4 howler monkeys
  3 electric eels (D:11)
  8 crimson imps
  5 jellies
  A quasit (D:10)
  4 hounds
  3 orc priests
  2 centaur skeletons
  2 iguanas
  5 bullfrog skeletons
  6 orc wizards
  11 worker ants
  A hound zombie (D:8)
  2 worker ant zombies
  18 gnolls
  A river rat (Sewer)
  12 adders
  2 shadow imps
  6 oozes
  An adder zombie (D:8)
  2 adder skeletons (D:4)
  5 worms
  3 dart slugs
  5 leopard geckos
  38 orcs
  7 giant cockroaches
  4 hobgoblins
  9 jackals
  15 kobolds
  4 quokkas
  6 ball pythons
  4 bats
  2 frilled lizards
  7 goblins
  A leopard gecko zombie (D:7)
  13 rats
361 creatures vanquished.

Vanquished Creatures (others)
  3 slaves (D:9)
  A wight (D:8)
  5 plants (D:11)
9 creatures vanquished.

Grand Total: 370 creatures vanquished

Notes
Turn   | Place    | Note
-------+----------+-------------------------------------------
     0 | D:1      | Doobh the Kobold Assassin began the quest for the Orb.
     0 | D:1      | Reached XP level 1. HP: 12/12 MP: 1/1
   217 | D:1      | Reached XP level 2. HP: 12/18 MP: 2/2
   615 | D:1      | Reached XP level 3. HP: 19/22 MP: 3/3
  1368 | D:2      | Reached XP level 4. HP: 24/28 MP: 4/4
  1800 | D:3      | Found a shimmering altar of Xom.
  1911 | D:3      | Found a hazy altar of Hepliaklqana.
  1914 | D:3      | Found a deep blue altar of Sif Muna.
  1916 | D:3      | Found a white marble altar of Elyvilon.
  1974 | D:3      | Found a glowing drain.
  1983 | Sewer    | Entered a sewer
  2245 | Sewer    | Noticed a big kobold
  2286 | Sewer    | Killed a big kobold
  2286 | Sewer    | Reached XP level 5. HP: 23/33 MP: 5/5
  2319 | Sewer    | Noticed a big kobold
  2366 | Sewer    | Killed a big kobold
  2366 | Sewer    | Reached XP level 6. HP: 30/38 MP: 6/6
  2597 | Sewer    | Reached XP level 7. HP: 35/44 MP: 7/7
  3242 | D:3      | Reached skill level 5 in Fighting
  3705 | D:3      | Found a roughly hewn altar of Beogh.
  3750 | D:3      | Reached skill level 5 in Dodging
  4457 | D:4      | Noticed Edmund
  4479 | D:4      | Killed Edmund
  4479 | D:4      | Reached XP level 8. HP: 26/50 MP: 8/8
  4829 | D:4      | Reached skill level 5 in Short Blades
  5392 | D:4      | Found a radiant altar of Vehumet.
  5908 | D:4      | Noticed Menkaure
  5943 | D:4      | Killed Menkaure
  6263 | D:5      | Entered Level 5 of the Dungeon
  8543 | D:5      | Reached XP level 9. HP: 56/56 MP: 9/9
  8808 | D:6      | Reached skill level 5 in Throwing
  8844 | D:6      | Noticed Prince Ribbit
  8853 | D:6      | Killed Prince Ribbit
  9010 | D:6      | Found Urruydich's Antique Armour Shop.
  9022 | D:6      | Bought a glowing leather armour for 110 gold pieces
 10723 | D:7      | Reached XP level 10. HP: 64/64 MP: 10/10
 10879 | D:7      | Found a staircase to the Ecumenical Temple.
 10885 | Temple   | Entered the Ecumenical Temple
 10891 | Temple   | Became a worshipper of Dithmenos the Shadowed
 11118 | D:7      | Found an ornate altar of the Wu Jian Council.
 11218 | D:8      | You fall through a shaft!
 11230 | D:9      | Noticed a two-headed ogre
 11237 | D:9      | Killed a two-headed ogre
 11306 | D:9      | Noticed Pikel
 11307 | D:9      | Found a staircase to the Orcish Mines.
 11308 | D:9      | Noticed Maurice
 11404 | D:8      | Found a shattered altar of Ashenzari.
 12175 | D:8      | Reached skill level 10 in Stealth
 12287 | D:8      | Noticed a two-headed hydra
 12461 | D:9      | Reached * piety under Dithmenos
 12798 | D:9      | Reached skill level 10 in Dodging
 12798 | D:9      | Reached XP level 11. HP: 70/70 MP: 11/11
 12939 | D:9      | Killed Pikel
 12994 | D:9      | Killed Maurice
 13038 | D:9      | Reached skill level 10 in Fighting
 13763 | D:10     | Entered Level 10 of the Dungeon
 13782 | D:10     | Reached ** piety under Dithmenos
 14541 | D:10     | Found Gutefea's Book Shoppe.
 14544 | D:10     | Bought a book of Misfortune for 240 gold pieces
 14546 | D:10     | Learned a level 1 spell: Confusing Touch
 14550 | D:10     | Learned a level 3 spell: Confuse
 14686 | D:11     | Noticed a cyan ugly thing
 15160 | D:11     | Killed a cyan ugly thing
 15324 | D:11     | Noticed an unseen horror
 15405 | D:10     | Reached *** piety under Dithmenos
 15411 | D:11     | Reached XP level 12. HP: 79/79 MP: 12/12
 16136 | D:10     | Killed an unseen horror
 16233 | D:11     | Found an opulent altar of Gozag.
 16385 | D:11     | Found a staircase to the Lair.
 17128 | D:12     | Reached skill level 10 in Short Blades
 17169 | D:12     | Found Urchi's Book Shop.
 17252 | D:12     | Reached skill level 1 in Spellcasting
 17369 | D:12     | Reached **** piety under Dithmenos
 17404 | D:12     | Found Wexta's Book Shop.
 17405 | D:12     | Noticed a death knight
 17421 | D:12     | You fall through a shaft!
 17631 | D:12     | Found Opsyapah's Antique Weapon Shoppe.
 18064 | D:12     | Found Xauchasa's Antique Weapon Emporium.
 18261 | D:12     | Bought a jewelled rapier for 369 gold pieces
 18261 | D:12     | Identified the +8 rapier "Zuilugh" {freeze, +Fly Int+4 Stlth+} (You bought it in a shop on level 12 of the Dungeon)
 19370 | D:13     | Reached XP level 13. HP: 86/86 MP: 17/17
 19420 | D:14     | Noticed Azrael
 19455 | D:14     | Found a gate to the Vaults.
 19460 | D:14     | Found a labyrinth entrance.
 19468 | D:14     | Hit by a large rock thrown by a cyclops

Skill      XL: |  1  2  3  4  5  6  7  8  9 10 11 12 |
---------------+-------------------------------------+-----
Short Blades   | 3 4 5 6 8 9 10 | 10.7
Dodging        | 2 3 4 5 6 8 10 11 12 | 12.0
Fighting       | 3 4 5 6 7 9 10 12 | 12.0
Stealth        | 6 7 9 10 11 12 | 12.4
Throwing       | 3 4 5 6 7 9 |  9.1
Spellcasting   | 3 |  3.1

Action                   |  1- 3 |  4- 6 |  7- 9 | 10-12 | 13-15 || total
-------------------------+-------+-------+-------+-------+-------++-------
Melee: Dagger            |    99 |   129 |   518 |  1060 |       ||  1806
       Short sword       |       |       |    84 |   218 |       ||   302
       Rapier            |       |       |       |    61 |     4 ||    65
 Fire: Blowgun           |    14 |    42 |    70 |   178 |       ||   304
Evoke: Wand              |       |       |     6 |    34 |       ||    40
  Use: Scroll            |     2 |     1 |    11 |    17 |     3 ||    34
       Potion            |       |       |     8 |     5 |       ||    13
 Stab: Sleeping          |    13 |     9 |    22 |    39 |     2 ||    85
       Confused          |       |       |       |     1 |       ||     1
       Paralysed         |       |       |       |     1 |       ||     1
       Distracted        |       |       |       |     3 |       ||     3
  Eat: Chunk             |    10 |     1 |    28 |    45 |       ||    84
Armor: Robe              |    11 |    44 |    91 |   110 |     2 ||   258
Dodge: Dodged            |    75 |    86 |   493 |  1129 |    45 ||  1828
